AoeStats
← bani4bani

Arabia

510729479Analyzed
1v1 RM · 20h ago on Oct 2, 2026· 47m 14s· 2 players
Game mode
Random Map
Map size
Tiny (2 player)
Population
200
Speed
Normal
Resources
Standard
Victory
Conquest
Starting age
Dark Age
Ending age
Imperial Age
RankedLock teamsTeams togetherTeam positionsShared explorationLock speedFull tech treeHidden civsTurbo modeCheats
Victory
Defeat
🇶🇦 Lithuanians · Qatar
737
+14
🇺🇸 Burgundians · United States
686
-14
Razzles
3:32 Double-Bit Axe
3:35 Loom
9:57 Wheelbarrow
12:41 Feudal Age
13:40 Arson
15:09 Horse Collar
21:43 Castle Age
20:49 Forging
21:52 Bow Saw
21:42 Gold Mining
22:26 Scale Barding Armor
22:28 Husbandry
24:05 Cavalier
28:21 Iron Casting
28:28 Fletching
28:33 Town Watch
29:50 Stone Mining
30:17 Squires
29:38 Pikeman
31:24 Scale Mail Armor
31:56 Fervor
37:30 Imperial Age
36:04 Heavy Plow
36:43 Ballistics
37:57 Murder Holes
38:37 Conscription
39:07 Burgundian Vineyards
41:21 Crop Rotation
42:20 Town Patrol
42:10 Halberdier
45:49 Two-Man Saw
44:14 Elite Coustillier
bani4bani
7:18 Loom
10:21 Feudal Age
16:47 Castle Age
15:16 Double-Bit Axe
21:08 Scale Barding Armor
26:59 Town Watch
29:08 Pikeman
37:24 Imperial Age
35:33 Wheelbarrow
36:15 Crossbowman
37:47 Scale Mail Armor
37:49 Padded Archer Armor
39:20 Chemistry
38:43 Ballistics
41:09 Conscription
42:05 Forging
42:08 Squires
45:17 Thumb Ring
Connection lost

Rejoining the realm…

Still unreachable

The connection could not be restored.

Session expired

The server has moved on; the page needs a fresh start.